 Dungeon Crawl Stone Soup version 0.29-a0-559-g359e09b9d1 (webtiles) character file.

Game seed: 9294244346722721786

486345 ptdevnull the Executioner (level 24, 0/233 HPs)
             Began as a Hill Orc Monk on June 10, 2022.
             Was the Champion of Makhleb.
             Incinerated by a deep elf pyromancer (1 damage)
             ... with a sticky flame
             ... on level 5 of the Vaults.
             The game lasted 02:17:59 (48110 turns).

ptdevnull the Executioner (Hill Orc Monk)          Turns: 48110, Time: 02:18:00

Health: 0/233      AC: 33    Str: 33    XL:     24   Next: 96%
Magic:  46/46      EV: 10    Int: 10    God:    Makhleb [******]
Gold:   3641       SH:  0    Dex: 13    Spells: 23/23 levels left

rFire   + + .      SeeInvis .   a - +8 frozen axe "Frostbite" {freezing cloud, *Noise Fly rC+}
rCold   + + .      Faith    .   (shield currently unavailable)
rNeg    + . .      Spirit   .   E - +6 gold dragon scales
rPois   +          Reflect  .   I - +2 helmet
rElec   +          Harm     .   j - +1 cloak of Laihe {rF+ Regen+ Str+4}
rCorr   .          Rampage  .   g - +0 pair of gloves
Will    ++...                   n - +2 pair of boots {Fly}
Stlth   ..........              P - amulet of regeneration
HPRegen 2.08/turn               v - ring "Ruukyew" {rElec rN+ MP+9 Str+4 Stlth-}
MPRegen 0.30/turn               M - ring of willpower

@: lethally poisoned (0 -> 0), on fire, about to teleport, marked, corroded,
flying, glowing, studying Polearms
A: deterioration 1
}: 2/15 runes: barnacled, gossamer
a: Renounce Religion, Minor Destruction, Lesser Servant of Makhleb, Major
Destruction, Greater Servant of Makhleb


You were on level 5 of the Vaults.
You worshipped Makhleb.
Makhleb was exalted by your worship.
You visited 9 branches of the dungeon, and saw 44 of its levels.
You visited 2 bazaars.
You also visited: Bailey, Ice Cave and Wizlab.

You collected 7791 gold pieces.
You spent 4150 gold pieces at shops.

Inventory:

Hand Weapons
 a - the +8 frozen axe "Frostbite" (weapon) {freezing cloud, *Noise Fly rC+}
   (You acquired it on level 8 of the Dungeon)

   It freezes those it strikes, dealing additional cold damage.
   It can also slow down cold-blooded creatures.
   It occasionally leaves clouds of freezing vapour upon striking a foe.
   It grants immunity to clouds of freezing vapour.
   rC:        It protects you from cold.
   Fly:       It grants you flight.
   *Noise:    It may make noises in combat.
 b - the +9 arbalest "Wysub" {penet, rElec Dex+3}
   (You bought it in a shop on level 2 of the Vaults)

   Any ammunition fired by it passes through the targets it hits, potentially
   hitting all targets in its path until it reaches maximum range.
   Dex:       It affects your dexterity (+3).
   rElec:     It insulates you from electricity.
Missiles
 e - 3 throwing nets
 A - 37 boomerangs (quivered)
Armour
 g - a +0 pair of gloves (worn)
 j - the +1 cloak of Laihe (worn) {rF+ Regen+ Str+4}
   (You acquired it on level 8 of the Dungeon)

   Str:       It affects your strength (+4).
   rF:        It protects you from fire.
   Regen:     It increases your rate of health regeneration.
 n - a +2 pair of boots of flying (worn)
 E - +6 gold dragon scales (worn)
 I - a +2 helmet (worn)
Jewellery
 q - an amulet of reflection
 r - the ring "Huemm" {rF+ Str+2}
   (You took it off an orc warrior on level 7 of the Dungeon)

   [ring of protection from fire]

   Str:       It affects your strength (+2).
   rF:        It protects you from fire.
 s - the amulet "Haweleb" {Drain Regen+ Int+5}
   (You took it off a deep elf archer on level 3 of the Elven Halls)

   [amulet of regeneration]

   Int:       It affects your intelligence (+5).
   Regen:     It increases your rate of health regeneration.
   Drain:     It drains your maximum health when unequipped.
 v - the ring "Ruukyew" (left hand) {rElec rN+ MP+9 Str+4 Stlth-}
   (You found it on level 4 of the Dungeon)

   [ring of magical power]

   Str:       It affects your strength (+4).
   rElec:     It insulates you from electricity.
   rN:        It protects you from negative energy.
   MP:        It affects your magic capacity (+9).
   Stlth:     It makes you less stealthy.
 x - the ring of Ywyocrap {Fire rCorr SInv}
   (You took it off a deep elf zephyrmancer on level 3 of the Elven Halls)

   [ring of fire]

   It enhances your fire magic.
   rF:        It protects you from fire.
   rC:        It makes you vulnerable to cold.
   SInv:      It lets you see invisible.
   rCorr:     It protects you from acid and corrosion.
 M - a ring of willpower (right hand)
 O - a ring of positive energy
 P - an amulet of regeneration (around neck)
 V - a ring of see invisible
Wands
 u - a wand of iceblast (20)
 z - a wand of paralysis (11)
 H - a wand of acid (11)
 N - a wand of mindburst (23)
 Q - a wand of charming (13)
 U - a wand of flame (2)
 X - a wand of digging (14)
 Y - a wand of polymorph (24)
Scrolls
 i - a scroll of magic mapping
 l - 14 scrolls of teleportation
 m - 8 scrolls of poison
 o - 4 scrolls of summoning
 K - a scroll of silence
 T - 6 scrolls of fog
 Z - 6 scrolls of fear
Potions
 c - 11 potions of ambrosia
 d - 14 potions of mutation
 f - 21 potions of curing
 h - 8 potions of heal wounds
 k - 4 potions of invisibility
 p - 5 potions of lignification
 t - 11 potions of attraction
 C - 2 potions of magic
 D - 3 potions of berserk rage
 F - 4 potions of resistance
 J - 2 potions of brilliance
 R - 6 potions of haste
 S - 10 potions of might
Miscellaneous
 G - a tin of tremorstones (2/2)
 L - a box of beasts
 W - a phial of floods


   Skills:
 + Level 22.6 Fighting
 + Level 26.5 Axes
 + Level 18.1 Crossbows
 + Level 20.5 Armour
 - Level 8.0 Dodging
 - Level 1.5 Stealth
 - Level 7.1 Shields
 + Level 20.8 Invocations
 - Level 10.0 Evocations


You had 23 spell levels left.
You didn't know any spells.
Your spell library contained the following spells:

 Spells                   Type           Power      Damage    Failure   Level
 Apportation              Tloc           0%         N/A       96%         1
 Magic Dart               Conj           0%         1d3       96%         1
 Sandblast                Erth           0%         2d4       96%         1
 Shock                    Conj/Air       0%         1d3       96%         1
 Sting                    Tmut/Pois      0%         1d3       96%         1
 Blink                    Tloc           0%         N/A       99%         2
 Call Imp                 Summ           0%         N/A       99%         2
 Ensorcelled Hibernation  Hex/Ice        0%         N/A       99%         2
 Passwall                 Tmut/Erth      0%         N/A       99%         2
 Poisonous Vapours        Pois/Air       0%         N/A       99%         2
 Searing Ray              Conj           0%         2d4       99%         2
 Sublimation of Blood     Necr           0%         N/A       99%         2
 Conjure Flame            Conj/Fire      0%         6-21      100%        3
 Frozen Ramparts          Ice            0%         1d2       100%        3
 Gell's Gravitas          Tloc           0%         N/A       100%        3
 Ignite Poison            Fire/Tmut/Pois 0%         N/A       100%        3
 Lesser Beckoning         Tloc           0%         N/A       100%        3
 Mephitic Cloud           Conj/Pois/Air  0%         N/A       100%        3
 Portal Projectile        Hex/Tloc       0%         N/A       100%        3
 Spider Form              Tmut/Pois      0%         N/A       100%        3
 Stone Arrow              Conj/Erth      0%         3d7       100%        3
 Swiftness                Air            0%         N/A       100%        3
 Teleport Other           Tloc           0%         N/A       100%        3
 Tukima's Dance           Hex            0%         N/A       100%        3
 Vampiric Draining        Necr           0%         2d6       100%        3
 Airstrike                Air            0%         N/A       100%        4
 Animate Dead             Necr           0%         N/A       100%        4
 Cause Fear               Hex            0%         N/A       100%        4
 Corpse Rot               Necr/Pois/Air  0%         N/A       100%        4
 Dispel Undead            Necr           0%         3d6       100%        4
 Fulminant Prism          Conj/Hex       0%         3d6       100%        4
 Ice Form                 Ice/Tmut       0%         N/A       100%        4
 Leda's Liquefaction      Hex/Erth       0%         N/A       100%        4
 Passage of Golubria      Tloc           0%         N/A       100%        4
 Petrify                  Tmut/Erth      0%         N/A       100%        4
 Sticky Flame             Conj/Fire      0%         2d3       100%        4
 Summon Ice Beast         Ice/Summ       0%         N/A       100%        4
 Summon Lightning Spire   Summ/Air       0%         N/A       100%        4
 Alistair's Intoxication  Tmut/Pois      0%         N/A       100%        5
 Blade Hands              Tmut           0%         N/A       100%        5
 Borgnjor's Vile Clutch   Necr/Erth      0%         N/A       100%        5
 Fireball                 Conj/Fire      0%         3d3       100%        5
 Freezing Cloud           Conj/Ice/Air   0%         6-21      100%        5
 Irradiate                Conj/Tmut      0%         3d13      100%        5
 Iskenderun's Battlesphe  Conj           0%         2d6       100%        5
 Lee's Rapid Deconstruct  Erth           0%         3d5*      100%        5
 Lightning Bolt           Conj/Air       0%         1d11      100%        5
 Manifold Assault         Tloc           0%         N/A       100%        5
 Yara's Violent Unravell  Hex/Tmut       0%         3d3       100%        5
 Conjure Ball Lightning   Conj/Air       0%         3x3d6     100%        6
 Death Channel            Necr           0%         N/A       100%        6
 Dispersal                Tloc           0%         N/A       100%        6
 Eringya's Noxious Bog    Tmut/Pois      0%         N/A       100%        6
 Simulacrum               Ice/Necr       0%         N/A       100%        6
 Statue Form              Tmut/Erth      0%         N/A       100%        6
 Dragon Form              Tmut           0%         N/A       100%        7
 Malign Gateway           Summ/Tloc      0%         N/A       100%        7
 Orb of Destruction       Conj           0%         9d5       100%        7
 Borgnjor's Revivificati  Necr           0%         N/A       100%        8
 Discord                  Hex            0%         N/A       100%        8
 Disjunction              Tloc           0%         N/A       100%        8
 Lehudib's Crystal Spear  Conj/Erth      0%         10d2      100%        8
 Chain Lightning          Conj/Air       0%         N/A       100%        9
 Dragon's Call            Summ           0%         N/A       100%        9
 Fire Storm               Conj/Fire      0%         5d1       100%        9
 Polar Vortex             Ice            0%         N/A       100%        9
 Shatter                  Erth           0%         3d5*      100%        9


Dungeon Overview and Level Annotations

Branches:
Dungeon (15/15)            Temple (1/1) D:7            Lair (6/6) D:8
 Shoals (4/4) Lair:2       Spider (4/4) Lair:2        Slime (0/5) Lair:6
    Orc (2/2) D:11            Elf (3/3) Orc:2        Vaults (5/5) D:14
  Crypt (0/3) Vaults:3     Depths (4/4) D:15            Zot (0/5) Depths:4
 Bailey (visited)           IceCv (visited)          WizLab (visited)

Altars:
Ashenzari
Cheibriados
Dithmenos
Elyvilon
Fedhas
Gozag
Hepliaklqana
Kikubaaqudgha
Makhleb
Nemelex Xobeh
Okawaru
Qazlal
Ru
Sif Muna
Trog
Uskayaw
Vehumet
Wu Jian
Xom
Yredelemnul
Zin
The Shining One
Beogh
Jiyva

Shops:
D:5 =   D:8 *   D:10 (   D:15 =   Orc:1 (   Orc:2 ***?   Shoals:3 :
Vaults:2 (*(

Portals:
Hell: Depths:1 Depths:2 Depths:3 Depths:4
Abyss: Depths:3
Pandemonium: Depths:2 Depths:3 Depths:4
Ziggurat: Depths:4
Trove: Elf:3 (lose all piety)

Annotations:
D:11 3 runed translucent doors, Foxy's ghost, journeyman TrBe
Lair:3 exclusion: oklob plant
Lair:6 1 runed translucent door
Spider:4 1 runed translucent door, Riopsa's ghost, adept GrEE
Depths:3 Vv


Innate Abilities, Weirdness & Mutations

Your body sometimes deteriorates upon taking damage.


Message History

The tengu reaver is moderately wounded.
You barely miss the entropy weaver.
You open the ironbound preserver like a pillowcase!!!
You freeze the ironbound preserver!
You chop the phantasmal warrior into pieces!!!
You freeze the phantasmal warrior!
You destroy the phantasmal warrior!
Makhleb accepts your kill.
You feel better.
You are covered in liquid flames!
You feel sick.
The ironbound preserver seems less brilliant.
The entropy weaver hits you!!
* * * LOW HITPOINT WARNING * * *
The entropy weaver hits you but does no damage.
The entropy weaver hits you!
* * * LOW HITPOINT WARNING * * *
The entropy weaver hits you.
* * * LOW HITPOINT WARNING * * *
The vault sentinel blows a loud note on a signal horn!
The deep elf pyromancer gestures at you while chanting.
The sticky flame hits you. You resist.
You are covered in liquid flames!
* * * LOW HITPOINT WARNING * * *
The ironbound preserver is empowered by the deep elf high priest's aura!
The deep elf high priest calls down the wrath of its god upon you.
Something smites you!
* * * LOW HITPOINT WARNING * * *
The vault warden is engulfed in blazing flames.
The tengu reaver casts a spell at you. The bolt of lightning misses you.
The ironbound preserver is engulfed in freezing vapours.
The ironbound preserver hits you with a +0 great mace!!!
* * * LOW HITPOINT WARNING * * *
Unknown command.
Blink to where?
Press: ? - help, Dir - move target
As you read the scroll of blinking, it crumbles to dust.
You are covered in liquid flames!
You die...

. #..#pBp.#....#.....
O...####))§Qp*#....#.....
#..)).)#####....#.....
#..†e#..## #....#..... .
#...##...###....#.....
..#.$# #....## #.....
....####.....#
.............#
###.....@####.# #[.#....#
.# ##...# ##..# ##.. ...
.#. # ..


There were no monsters in sight!

Vanquished Creatures
  2 ancient liches
  2 juggernauts
  Josephina (Depths:3)
  Bai Suzhen (Spider:3)
  Saint Roka (Orc:2)
  6 caustic shrikes
  Jory (Vaults:4)
  3 golden dragons
  Nikola (Elf:1)
  A bone dragon (Vaults:4)
  2 tentacled monstrosities
  4 liches
  3 titans (Vaults:5)
  A deep elf blademaster (Elf:3)
  2 walking frostbound tomes
  Asterion (Vaults:1)
  An ancient champion (WizLab)
  2 deep elf master archers (Elf:3)
  An eldritch tentacle (Vaults:4)
  Frances (D:12)
  Kirke (D:12)
  Donald (Spider:3)
  8 tengu reavers
  5 sphinxes
  A shadow dragon (Depths:3)
  2 storm dragons
  7 frost giants
  A draconian knight (Depths:4)
  12 fire giants
  3 emperor scorpions
  10 deep elf sorcerers
  2 iron dragons
  2 ghost moths (Spider:4)
  A ghost moth (shapeshifter) (Vaults:4)
  A cacodemon (Depths:2)
  3 orc warlords
  Louise (Elf:3)
  3 deep elf elementalists (Elf:3)
  20 vault wardens
  A draconian annihilator (Depths:4)
  A draconian shifter (Depths:4)
  15 ironbound preservers
  15 very ugly things
  3 reapers (IceCv)
  A broodmother (Spider:4)
  2 spriggan defenders (Depths:4)
  2 war gargoyles (Vaults:5)
  5 ironbound thunderhulks
  12 stone giants
  A vampire knight (Depths:4)
  2 green draconians (Depths:4)
  Azrael (Spider:3)
  3 deep elf demonologists
  4 dire elephants
  2 lorocyprocas
  A yellow draconian (Depths:4)
  A dire elephant (shapeshifter) (Vaults:5)
  A white draconian (Depths:4)
  8 deep elf annihilators (Elf:3)
  3 spark wasps
  4 entropy weavers
  2 red draconians (Depths:4)
  Snorg (D:14)
  5 deep elf death magi
  A blizzard demon (Depths:3)
  5 merfolk javelineers
  6 merfolk impalers
  15 ettins
  A crystal guardian (Vaults:3)
  A jiangshi (Vaults:3)
  5 fire dragons
  4 great orbs of eyes
  6 yaktaur captains
  8 deep elf high priests
  An ice dragon (shapeshifter) (Depths:3)
  Erolcha (D:9)
  33 vault guards
  6 boulder beetles
  A peacekeeper (Vaults:3)
  5 rakshasas
  2 caustic shrike simulacra
  3 spriggan air magi
  4 merfolk aquamancers
  2 merfolk avatars
  Erica (Lair:2)
  7 ogre magi
  2 radroaches (Spider:3)
  2 jorogumos (Spider:3)
  9 hydras
  12 ice dragons
  8 centaur warriors
  A spriggan skeleton (Vaults:4)
  3 ghost crabs (Vaults:4)
  3 satyrs
  A death knight (D:15)
  4 catoblepae
  20 death yaks
  4 ironbound frosthearts
  23 dancing weapons
  2 alligator snapping turtles (Shoals:4)
  2 two-headed ogres
  6 deep troll shamans
  9 deep troll earth magi
  3 spriggan berserkers
  2 hell knights
  3 vampire magi
  4 soul eaters
  2 orc high priests (Orc:1)
  3 shock serpents (Vaults:4)
  A sun demon (Depths:4)
  12 tengu warriors
  17 deep elf knights
  7 iron trolls
  2 pharaoh ants
  8 sea snakes
  2 goliath frogs
  13 skeletal warriors
  A sun moth (Spider:2)
  3 steelbarb worms
  A death drake (Vaults:4)
  A kraken simulacrum (Shoals:4)
  3 glowing orange brains
  17 ironbound convokers
  2 flayed ghosts
  49 deep trolls
  7 orb spiders
  An obsidian statue (IceCv)
  A bog body (IceCv)
  A spriggan simulacrum (IceCv)
  12 lindwurms
  28 harpies
  6 wizards
  17 deep elf archers
  18 deep elf zephyrmancers
  6 phantasmal warriors
  The ghost of croobank the Covert, a novice GnDe of Gozag (D:6)
  38 deep elf pyromancers
  A necromancer (Vaults:3)
  An orange crystal statue (IceCv)
  5 orc knights
  29 ugly things
  A glowing shapeshifter (Depths:4)
  8 orc sorcerers
  8 cyclopes
  14 manticores
  A mana viper (Vaults:4)
  18 wolf spiders
  22 fauns
  A tengu skeleton (Vaults:4)
  A shadow dragon skeleton (Vaults:4)
  An ice statue (Shoals:1)
  A guardian serpent (shapeshifter) (Elf:1)
  10 merfolk sirens
  42 elephants
  4 naga magi (Vaults:4)
  7 water nymphs
  15 vault sentinels
  3 black mambas
  A smoke demon (Depths:3)
  3 torpor snails
  2 gargoyles
  An orange demon (Depths:2)
  A storm dragon simulacrum (Vaults:4)
  20 cane toads
  An unseen horror (D:12)
  Maggie (D:9)
  Psyche (D:8)
  A golden dragon simulacrum (Depths:3)
  A komodo dragon (shapeshifter) (D:14)
  4 demonic crawlers
  13 komodo dragons
  A kobold demonologist (D:7)
  3 tengu conjurers
  A hellwing (Depths:2)
  29 yaktaurs
  5 ice devils
  4 rime drakes
  8 freezing wraiths
  2 entropy weaver simulacra (IceCv)
  28 merfolk
  3 red devils (Depths:4)
  11 trolls
  A wolf spider simulacrum (D:15)
  4 hornets
  2 tyrant leeches (Lair:6)
  3 polar bears
  A shadow dragon simulacrum (Vaults:4)
  A hornet (shapeshifter) (D:13)
  5 wind drakes (Shoals:4)
  A raiju (Vaults:4)
  19 tarantellas
  A blink frog (shapeshifter) (Elf:2)
  17 blink frogs
  A fire giant simulacrum (Depths:3)
  28 slime creatures
  Prince Ribbit (D:5)
  13 dream sheep
  9 snapping turtles
  2 spriggans
  2 centaur simulacra
  3 small abominations (Vaults:4)
  26 jumping spiders
  5 vampires
  Sigmund (D:5)
  A yak (shapeshifter) (Depths:3)
  A shadow (D:13)
  2 wraiths
  33 water elementals
  3 fire elementals
  4 wyverns
  15 culicivoras
  3 dire elephant simulacra (IceCv)
  A hog (shapeshifter) (D:15)
  5 ynoxinuls
  50 yaks
  2 steam dragons
  47 redbacks
  6 basilisks
  5 hogs (D:12)
  16 vampire mosquitoes
  A harpy simulacrum (IceCv)
  2 neqoxecs
  2 minotaur simulacra (IceCv)
  2 spatial vortices (Vaults:4)
  3 acid dragons
  2 two-headed ogre zombies (WizLab)
  10 wargs
  3 hell hounds (Spider:3)
  9 water moccasins
  A hydra simulacrum (IceCv)
  A floating eye (Depths:2)
  An ice beast (shapeshifter) (Elf:3)
  5 black bears
  45 orc warriors
  5 sky beasts
  2 ice beasts (D:7)
  9 ogres
  9 boggarts
  3 phantoms
  30 wolves
  9 centaurs
  3 kobold brigands (D:7)
  Blork the orc (D:4)
  A gnoll sergeant (D:11)
  24 bullfrogs
  4 earth elementals
  3 necrophages
  2 glowing shapeshifter simulacra
  4 scorpions
  4 deep troll simulacra (IceCv)
  9 wights
  50 killer bees
  8 troll zombies (WizLab)
  A lindwurm simulacrum (IceCv)
  5 electric eels
  4 howler monkeys
  Crazy Yiuf (D:5)
  3 jellies (D:7)
  13 orc priests
  2 hounds (D:5)
  Natasha (thrice) (D:2)
  2 iguanas
  43 orc wizards
  4 lightning spires (Vaults:4)
  5 ogre zombies (WizLab)
  13 gnolls
  8 adders
  4 white imps
  A dart slug (D:3)
  111 orcs
  5 ball pythons
  7 endoplasms
  5 giant cockroaches
  17 hobgoblins
  3 jackals (D:5)
  12 kobolds
  6 quokkas
  7 bats
  5 frilled lizards
  27 goblins
  4 rats
  2 bushes (Lair:6)
  A plant (Shoals:4)
  A tentacle (Shoals:4)
2008 creatures vanquished.

Vanquished Creatures (collateral kills)
  2 ghost moths (Spider:4)
  A deep elf elementalist (Elf:3)
  An ironbound thunderhulk (Vaults:3)
  An entropy weaver (Spider:4)
  A deep elf high priest (Elf:3)
  A vault guard (Vaults:5)
  A wolf spider (Spider:4)
  A deep elf zephyrmancer (Elf:3)
  A moth of wrath (Spider:4)
  4 jumping spiders (Spider:4)
  2 culicivoras (Spider:4)
  2 redbacks (Spider:4)
18 creatures vanquished.

Vanquished Creatures (others)
  2 deep elf knights (Elf:3)
  A deep elf zephyrmancer (Elf:1)
  A tengu simulacrum (Depths:3)
  A tengu (shapeshifter) (Elf:2)
  An orc (Orc:1)
  A ball lightning (Vaults:4)
  153 fungi
  233 plants
  3 tentacles (Shoals:4)
396 creatures vanquished.

Grand Total: 2422 creatures vanquished

Notes
Turn   | Place    | Note
-------+----------+-------------------------------------------
     0 | D:1      | ptdevnull the Hill Orc Monk began the quest for the Orb.
     0 | D:1      | Reached XP level 1. HP: 19/19 MP: 1/1
   242 | D:1      | Reached XP level 2. HP: 22/26 MP: 2/2
   251 | D:1      | Reached skill level 5 in Axes
   807 | D:1      | Reached XP level 3. HP: 25/31 MP: 3/3
   846 | D:1      | Found a faded altar of an unknown god.
  1304 | D:2      | Reached skill level 6 in Axes
  1579 | D:2      | Reached XP level 4. HP: 31/39 MP: 4/4
  1708 | D:2      | Found a basalt altar of Yredelemnul.
  2191 | D:2      | Reached skill level 7 in Axes
  2405 | D:2      | Noticed Natasha
  2414 | D:2      | Killed Natasha
  2415 | D:2      | Reached XP level 5. HP: 45/45 MP: 5/5
  2700 | D:2      | Noticed Natasha
  2713 | D:2      | Killed Natasha
  2909 | D:2      | Noticed Natasha
  2916 | D:2      | Killed Natasha
  2917 | D:2      | Reached skill level 8 in Axes
  3051 | D:3      | Found a bloodstained altar of Trog.
  3116 | D:3      | Reached XP level 6. HP: 48/51 MP: 6/6
  3453 | D:3      | Found a radiant altar of Vehumet.
  4157 | D:4      | Reached skill level 9 in Axes
  4207 | D:4      | Found a white marble altar of Elyvilon.
  4276 | D:4      | Found a blossoming altar of Fedhas.
  4374 | D:4      | Identified the ring "Ruukyew" {rElec rN+ MP+9 Str+4 Stlth-}
  4657 | D:4      | Noticed Blork the orc
  4667 | D:4      | Killed Blork the orc
  4668 | D:4      | Reached skill level 10 in Axes
  4668 | D:4      | Reached XP level 7. HP: 56/57 MP: 7/7
  4922 | D:4      | Found a shadowy altar of Dithmenos.
  4944 | D:4      | You fall into a shaft and drop 1 floor!
  4944 | D:5      | Entered Level 5 of the Dungeon
  5047 | D:5      | Reached skill level 11 in Axes
  5256 | D:5      | Noticed Sigmund
  5446 | D:5      | Found a runed translucent door.
  5447 | D:5      | Noticed Crazy Yiuf
  5586 | D:5      | Found Lanih's Jewellery Emporium.
  5631 | D:5      | Noticed Prince Ribbit
  5649 | D:5      | Killed Prince Ribbit
  5650 | D:5      | Reached skill level 12 in Axes
  5650 | D:5      | Reached XP level 8. HP: 64/64 MP: 8/8
  5740 | D:5      | Killed Sigmund
  5741 | D:5      | Reached skill level 13 in Axes
  5946 | D:5      | Found an ancient bone altar of Kikubaaqudgha.
  6229 | D:6      | Found a transporter.
  6233 | D:6      | Noticed croobank's ghost (novice GnDe)
  6368 | D:6      | Reached skill level 14 in Axes
  6395 | D:6      | Found a transporter.
  6570 | D:6      | Reached skill level 1 in Armour
  6570 | D:6      | Reached skill level 1 in Shields
  6730 | D:6      | Reached XP level 9. HP: 72/72 MP: 9/9
  7082 | D:6      | Reached skill level 5 in Fighting
  7127 | D:7      | Found a runed translucent door.
  7127 | D:7      | Found a runed translucent door.
  7127 | D:7      | Noticed a kobold demonologist
  7127 | D:7      | Noticed a boulder beetle
  7128 | D:7      | Noticed a skeletal warrior
  7133 | D:7      | Found a runed translucent door.
  7133 | D:7      | Noticed a gargoyle
  7133 | D:7      | Noticed an eight-headed hydra
  7133 | D:7      | Noticed a deep elf pyromancer
  7866 | D:7      | Found a staircase to the Ecumenical Temple.
  7875 | Temple   | Entered the Ecumenical Temple
  8254 | Temple   | Became a worshipper of Makhleb the Destroyer
  8254 | Temple   | Reached * piety under Makhleb
  8254 | Temple   | Reached ** piety under Makhleb
  8417 | D:8      | Identified a scroll of acquirement
  8417 | D:8      | Acquired the +1 cloak of Laihe {rF+ Regen+ Str+4}
  8440 | D:8      | Found a broken altar of Ashenzari.
  8527 | D:8      | Found Facwug's Lightly-Used Armoury.
  8528 | D:8      | Noticed Psyche
  8622 | D:8      | Noticed a hornet
  8679 | D:7      | Killed a hornet
  8680 | D:7      | Reached skill level 5 in Armour
  8680 | D:7      | Reached skill level 5 in Shields
  8827 | D:7      | Reached XP level 10. HP: 86/86 MP: 10/10
  9017 | D:8      | Found a flagged portal.
  9028 | Bailey   | Entered a bailey
  9064 | Bailey   | Reached *** piety under Makhleb
  9321 | Bailey   | Noticed an orc warlord
  9322 | Bailey   | Noticed an orc knight
  9337 | Bailey   | Killed an orc warlord
  9345 | Bailey   | Killed an orc knight
  9442 | D:8      | Acquired the +8 frozen axe "Frostbite" {freezing cloud,
                  | *Noise Fly rC+}
  9442 | D:8      | Found the +8 frozen axe "Frostbite" {freezing cloud, *Noise
                  | Fly rC+}
  9487 | D:8      | Reached XP level 11. HP: 83/97 MP: 11/11
  9489 | D:8      | Reached skill level 15 in Axes
  9498 | D:8      | Reached **** piety under Makhleb
  9668 | D:8      | Found a staircase to the Lair.
  9700 | D:8      | Killed Psyche
  9712 | D:8      | Found a stormy altar of Qazlal.
 10305 | D:9      | Noticed Maggie
 10311 | D:9      | Killed Maggie
 10574 | D:9      | Noticed Erolcha
 10581 | D:9      | Killed Erolcha
 10582 | D:9      | Reached skill level 10 in Fighting
 10860 | D:9      | Found an opulent altar of Gozag.
 10861 | D:9      | Found a sparkling altar of Nemelex Xobeh.
 10904 | Lair:1   | Entered Level 1 of the Lair of Beasts
 11064 | Lair:1   | Reached ***** piety under Makhleb
 11065 | Lair:1   | Reached skill level 16 in Axes
 11705 | Lair:2   | Noticed Erica
 11712 | Lair:2   | Killed Erica
 11713 | Lair:2   | Reached XP level 12. HP: 110/110 MP: 13/13
 11840 | Lair:2   | Found a hole to the Spider Nest.
 12155 | Lair:2   | Reached skill level 10 in Armour
 12157 | Lair:2   | Reached skill level 5 in Invocations
 12163 | Lair:2   | Found a staircase to the Shoals.
 12551 | Lair:3   | Reached skill level 17 in Axes
 12581 | Lair:3   | Noticed a catoblepas
 12599 | Lair:3   | Killed a catoblepas
 12776 | Lair:3   | Noticed a five-headed hydra
 12781 | Lair:3   | Reached skill level 10 in Invocations
 12783 | Lair:3   | Killed a seven-headed hydra
 12784 | Lair:3   | Reached XP level 13. HP: 114/118 MP: 20/20
 12792 | Lair:3   | Reached skill level 18 in Axes
 13027 | Lair:3   | Reached skill level 19 in Axes
 13154 | Lair:3   | Noticed a dire elephant
 13169 | Lair:3   | Killed a dire elephant
 13170 | Lair:3   | Reached skill level 20 in Axes
 14297 | Lair:5   | Reached skill level 21 in Axes
 14524 | Lair:5   | Reached ****** piety under Makhleb
 14525 | Lair:5   | Reached XP level 14. HP: 104/126 MP: 22/22
 14749 | Lair:5   | Reached skill level 22 in Axes
 15099 | Lair:6   | Entered Level 6 of the Lair of Beasts
 15295 | Lair:6   | Reached skill level 23 in Axes
 15393 | Lair:6   | Reached XP level 15. HP: 125/132 MP: 25/25
 15400 | Lair:6   | Reached skill level 24 in Axes
 15424 | Lair:6   | Identified the +2 falchion "Karadd" {flame, Fragile MP-9
                  | Int+3 Dex+9}
 15614 | Lair:6   | Reached skill level 15 in Invocations
 15736 | Lair:6   | Found a runed translucent door.
 15738 | Lair:6   | Found a viscous altar of Jiyva.
 15738 | Lair:6   | Noticed an azure jelly
 15739 | Lair:6   | Noticed an azure jelly
 15740 | Lair:6   | Found a staircase to the Slime Pits.
 15740 | Lair:6   | Noticed an azure jelly
 15880 | Lair:6   | Identified the +2 leather armour of Disaster {+Inv}
 16196 | D:7      | Reached skill level 1 in Evocations
 16482 | D:7      | Identified the ring "Huemm" {rF+ Str+2}
 16767 | D:5      | Killed Crazy Yiuf
 16846 | D:6      | Killed croobank's ghost
 16899 | D:10     | Entered Level 10 of the Dungeon
 17127 | D:10     | Found Elaump's Firing Range.
 17531 | D:11     | Found a staircase to the Orcish Mines.
 18040 | D:11     | Acquired 665 gold pieces
 18097 | D:11     | Found a runed translucent gate.
 18097 | D:11     | Found a runed translucent gate.
 18097 | D:11     | Found a runed translucent gate.
 18505 | D:11     | Found a runed translucent gate.
 18505 | D:11     | Found a runed translucent gate.
 18508 | D:11     | Found a runed translucent gate.
 18512 | D:11     | Noticed Foxy's ghost (journeyman TrBe)
 18571 | Orc:1    | Entered Level 1 of the Orcish Mines
 18571 | Orc:1    | Found Gast's Weapon Shop.
 18584 | Orc:1    | Gained mutation: Your body sometimes deteriorates upon
                  | taking damage. [a neqoxec]
 18623 | Orc:1    | Noticed an orc warlord
 18631 | Orc:1    | Killed an orc warlord
 18889 | Orc:1    | Found a roughly hewn altar of Beogh.
 19196 | Orc:2    | Entered Level 2 of the Orcish Mines
 19244 | Orc:2    | Reached XP level 16. HP: 136/143 MP: 28/28
 19355 | Orc:2    | Found a roughly hewn altar of Beogh.
 19484 | Orc:2    | Noticed Saint Roka
 19494 | Orc:2    | Reached skill level 5 in Evocations
 19496 | Orc:2    | Killed Saint Roka
 19501 | Orc:2    | Found Maero's Magic Scroll Boutique.
 19501 | Orc:2    | Found Cuegotiti's Assorted Antiques.
 19581 | Orc:2    | Bought a scroll of magic mapping for 49 gold pieces
 19581 | Orc:2    | Bought a scroll of summoning for 133 gold pieces
 19643 | Orc:2    | Found a staircase to the Elven Halls.
 19869 | Orc:2    | Found Pirurumu's General Store.
 19907 | Orc:2    | Found Uceclali's Assorted Antiques.
 19995 | Orc:2    | Bought a scroll of enchant armour for 255 gold pieces
 19995 | Orc:2    | Bought a scroll of enchant armour for 255 gold pieces
 20089 | D:8      | Bought -3 gold dragon scales for 780 gold pieces
 20334 | D:12     | Noticed Kirke
 20411 | D:12     | Killed Kirke
 20653 | D:12     | Noticed Frances
 20661 | D:12     | Killed Frances
 20974 | D:5      | Bought a ring of willpower for 300 gold pieces
 21896 | D:13     | Identified the +3 scale mail "Myacipo" {rElec rPois Dex-2
                  | Stlth-}
 22465 | D:14     | Noticed Snorg
 22469 | D:14     | Killed Snorg
 22624 | D:14     | Found a glowing golden altar of the Shining One.
 22871 | D:14     | Found a gate to the Vaults.
 22929 | D:15     | Entered Level 15 of the Dungeon
 22934 | D:15     | Found Kih Okai's Jewellery Emporium.
 23003 | D:15     | Found a stormy altar of Qazlal.
 23183 | D:15     | Found a staircase to the Depths.
 23327 | D:15     | Reached XP level 17. HP: 154/154 MP: 29/29
 23334 | D:15     | Reached skill level 15 in Fighting
 23861 | Spider:1 | Entered Level 1 of the Spider Nest
 25209 | Spider:3 | Noticed Donald
 25221 | Spider:3 | Killed Donald
 25572 | Spider:3 | Noticed Azrael
 25582 | Spider:3 | Killed Azrael
 25955 | Spider:3 | Reached skill level 10 in Evocations
 25958 | Spider:3 | Paralysed by a jorogumo for 1 turns
 26056 | Spider:3 | Noticed Bai Suzhen
 26067 | Spider:3 | Killed Bai Suzhen
 26450 | Spider:4 | Entered Level 4 of the Spider Nest
 26810 | Spider:4 | Reached XP level 18. HP: 168/168 MP: 30/30
 26882 | Spider:4 | Reached skill level 15 in Armour
 27058 | Spider:4 | Found a runed translucent door.
 27059 | Spider:4 | Noticed Riopsa's ghost (adept GrEE)
 27415 | Spider:4 | Got a gossamer rune of Zot
 27898 | Vaults:1 | Entered Level 1 of the Vaults
 28118 | Vaults:1 | Noticed Asterion
 28129 | Vaults:1 | Killed Asterion
 29246 | Vaults:2 | Reached XP level 19. HP: 183/183 MP: 31/31
 29277 | Vaults:2 | Found Qaherphe's Antique Weapon Shop.
 29378 | Vaults:2 | Found Loiwib's Weapon Boutique.
 29829 | Vaults:2 | Found Mokhitia's General Store.
 29878 | Vaults:2 | Bought the +9 arbalest "Wysub" {penet, rElec Dex+3} for
                  | 1530 gold pieces
 29906 | Vaults:2 | Reached skill level 1 in Crossbows
 30664 | Vaults:3 | Found a staircase to the Crypt.
 30683 | Vaults:3 | Reached skill level 5 in Crossbows
 31599 | Vaults:4 | Reached XP level 20. HP: 193/193 MP: 32/32
 31631 | Vaults:4 | Found a flickering gateway to a bazaar.
 31641 | Bazaar   | Entered a bazaar
 31641 | Bazaar   | Found Jicevvao's Book Shop.
 31642 | Bazaar   | Found Xitutuge's Antique Weapon Boutique.
 31654 | Bazaar   | Found Moguorhe's Jewellery Boutique.
 31679 | Bazaar   | Found Zuleuhio's Magic Scroll Shoppe.
 31686 | Bazaar   | Found Cope's Weapon Boutique.
 31702 | Bazaar   | Bought a scroll of fear for 42 gold pieces
 31702 | Bazaar   | Bought a scroll of fog for 24 gold pieces
 31702 | Bazaar   | Bought a scroll of fear for 42 gold pieces
 31995 | Vaults:4 | Reached skill level 10 in Crossbows
 32277 | Vaults:4 | Got the Tome of Clay
 32402 | Vaults:4 | Got the Grimoire of Intoxication
 32503 | Vaults:4 | Got Pexast's Papyrus of the Traveller
 32525 | Vaults:4 | Noticed Jory
 32549 | Vaults:4 | Killed Jory
 32810 | Vaults:4 | Got Siruegos's Volume of the Birds
 32872 | Vaults:4 | Noticed a bone dragon
 32889 | Vaults:4 | Killed a bone dragon
 33042 | Vaults:4 | Got the Catalogue of Black Rituals
 33362 | Depths:1 | Entered Level 1 of the Depths
 33379 | Depths:1 | Found a gateway to Hell.
 33558 | Depths:1 | Acquired 1078 gold pieces
 33597 | Depths:1 | HP: 5/187 [iron troll (19)]
 34335 | Depths:2 | Noticed a caustic shrike
 34336 | Depths:2 | Paralysed by a floating eye for 2 turns
 34340 | Depths:2 | Noticed a juggernaut
 34614 | Elf:1    | Entered Level 1 of the Elven Halls
 34623 | Elf:1    | Reached XP level 21. HP: 201/201 MP: 33/33
 34675 | Elf:1    | Found a flickering gateway to a bazaar.
 34684 | Bazaar   | Entered a bazaar
 34684 | Bazaar   | Found Utucsitwiuro's Jewellery Shoppe.
 34702 | Bazaar   | Found Duojadehui's Assorted Antiques.
 34704 | Bazaar   | Found Jeinlos's Antique Weapon Shoppe.
 34713 | Bazaar   | Found Ryskedyuf's Antique Weapon Shoppe.
 34721 | Bazaar   | Found Qehass's Distillery.
 34729 | Bazaar   | Bought 2 potions of heal wounds for 70 gold pieces
 34729 | Bazaar   | Bought a potion of haste for 70 gold pieces
 34729 | Bazaar   | Bought a potion of invisibility for 56 gold pieces
 34809 | Bazaar   | Bought a scroll of teleportation for 99 gold pieces
 34809 | Bazaar   | Bought a potion of heal wounds for 165 gold pieces
 34817 | Elf:1    | Noticed Nikola
 34836 | Elf:1    | Killed Nikola
 34914 | Elf:1    | You are sucked into a shaft and drop 1 floor!
 34928 | Elf:2    | Found a runed translucent gate.
 34928 | Elf:2    | Found a runed translucent gate.
 34928 | Elf:2    | Found a runed translucent gate.
 34950 | Elf:2    | Reached skill level 15 in Crossbows
 35439 | Elf:2    | Found a magical portal.
 35519 | WizLab   | Entered Zonguldrok's Shrine
 35719 | WizLab   | Noticed an antique lich
 35733 | WizLab   | Killed an antique lich
 35740 | WizLab   | Found the +9 sword of Zonguldrok {reap}
 36301 | Elf:3    | Entered Level 3 of the Elven Halls
 36535 | Orc:2    | Bought a scroll of brand weapon for 280 gold pieces
 37382 | Elf:3    | Found a portal to a secret trove of treasure.
 37591 | Elf:3    | HP: 1/201 [deep elf sorcerer/bolt of acid (41)]
 37597 | Elf:3    | Identified the amulet "Haweleb" {Drain Regen+ Int+5}
 37755 | Elf:3    | Reached XP level 22. HP: 206/210 MP: 34/34
 37850 | Elf:3    | Noticed Louise
 37867 | Elf:3    | Killed Louise
 37926 | Elf:3    | Identified the +1 tower shield of Fovaps {rN+++ Regen+
                  | Str-4 Int-3}
 37962 | Elf:3    | Identified the +7 eveningstar of Dishonesty {vorpal, *Noise
                  | Dex+4}
 37962 | Elf:3    | Identified the ring of Ywyocrap {Fire rCorr SInv}
 38178 | Elf:3    | Identified the +9 whip "Vakohijo" {elec, Dex+3}
 38605 | Shoals:1 | Entered Level 1 of the Shoals
 38661 | Shoals:1 | Found a frozen archway.
 38691 | IceCv    | Entered an ice cave
 39730 | Shoals:1 | Reached skill level 5 in Dodging
 40968 | Shoals:3 | Found Ucwiwn's Self-Improvement Boutique.
 41106 | Shoals:3 | Identified the +1 leather armour of Refuge {SInv}
 41731 | Shoals:4 | Entered Level 4 of the Shoals
 42204 | Shoals:4 | Reached skill level 25 in Axes
 42208 | Shoals:4 | Got a barnacled rune of Zot
 42318 | Shoals:4 | Identified the +0 plate armour of the Fife {Int+6}
 42838 | Shoals:4 | Reached XP level 23. HP: 220/220 MP: 36/36
 43257 | Depths:2 | Killed a caustic shrike
 43264 | Depths:2 | Killed a juggernaut
 43272 | Depths:2 | Paralysed by a floating eye for 2 turns
 43538 | Depths:2 | Found a one-way gate leading to the halls of Pandemonium.
 43560 | Depths:2 | Found an ornate altar of the Wu Jian Council.
 44443 | Depths:3 | Found a one-way gate to the infinite horrors of the Abyss.
 44969 | Depths:3 | Identified the ring "Gaurhai" {Ice Str+4}
 44969 | Depths:3 | Noticed Josephina
 44998 | Depths:3 | Killed Josephina
 45474 | Depths:3 | Noticed Vv
 45970 | Depths:3 | Identified the +1 ring mail "Biloa" {Rampage *Corrode Str+3
                  | Stlth+}
 46363 | Depths:4 | Entered Level 4 of the Depths
 46454 | Depths:4 | Found a gate to the Realm of Zot.
 46454 | Depths:4 | Noticed a golden dragon
 46454 | Depths:4 | Noticed a golden dragon
 46461 | Depths:4 | Killed a golden dragon
 46461 | Depths:4 | Killed a golden dragon
 46482 | Depths:4 | Reached XP level 24. HP: 188/231 MP: 36/36
 46583 | Depths:4 | Noticed a juggernaut
 46598 | Depths:4 | Killed a juggernaut
 46882 | Depths:4 | Found a one-way gateway to a ziggurat.
 46980 | Depths:4 | Noticed a caustic shrike
 46981 | Depths:4 | Noticed a caustic shrike
 46981 | Depths:4 | Noticed a caustic shrike
 46982 | Depths:4 | Noticed a caustic shrike
 46984 | Depths:4 | Noticed a caustic shrike
 46998 | Depths:4 | Killed a caustic shrike
 47151 | Depths:4 | Killed a caustic shrike
 47152 | Depths:4 | Reached skill level 26 in Axes
 47185 | Depths:4 | Killed a caustic shrike
 47189 | Depths:4 | Killed a caustic shrike
 47198 | Depths:4 | Killed a caustic shrike
 47854 | Vaults:5 | Entered Level 5 of the Vaults
 47909 | Vaults:5 | Paralysed by a sphinx for 3 turns
 48069 | Vaults:5 | Identified the ring "Pisusm" {Will+ rCorr}
 48080 | Vaults:5 | Noticed an ancient lich
 48096 | Vaults:5 | Killed an ancient lich
 48109 | Vaults:5 | HP: 1/233 [ironbound preserver/+0 great mace (37)]
 48110 | Vaults:5 | Incinerated by a deep elf pyromancer

Illustrated notes

Levels and vault maps discovered:
D:1:      lightli_molten_gateway, layout_rooms, chequers_ecumenical_altar_lobes,
          item_on_display_a
D:2:      cheibrodos_old_hovel, layout_basic, basic_altar,
          kennysheep_generic_room_16, uniq_natasha
D:3:      layout_basic, nicolae_vehumet_altar_sigil,
          mainiacjoe_overflow_tiny_flanked, serial_co_window_serial,
          co_window_corner_a, co_window_cross_1, co_window_paths_a,
          co_window_paths_b, co_window_paths_a, co_window_corner_b,
          co_window_corner_b, co_window_broadway_b, co_window_broadway_b,
          co_window_unsneaky_path_c, co_window_sun, glass_columns_b,
          glass_columns_a, glass_columns_b, glass_columns_a,
          minmay_misc_feat_more_columns, kennysheep_pointless_box
D:4:      layout_loops_ring, mainiacjoe_overflow_surrounded_room,
          elyvilon_altar_1, nicolae_dithmenos_the_darkroom,
          nicolae_concentric_dashed_squares_wild, uniq_blork_the_orc
D:5:      nicolae_cairo_tiling_large, layout_basic,
          mainiacjoe_overflow_small_starburst, serial_shops,
          kennysheep_mini_moat, chequers_avenue, uniq_sigmund,
          uniq_prince_ribbit1, uniq_crazy_yiuf_cottage
D:6:      layout_basic, gammafunk_ghost_arena
D:7:      minmay_the_grid_triangle_9x9_rhombus_full
          [minmay_the_grid_triangle_9x9_steps,
          minmay_the_grid_triangle_9x9_flanged_cone,
          minmay_the_grid_triangle_9x9_fully_insulated_deathbox,
          minmay_the_grid_triangle_9x9_corrupted_corridor,
          minmay_the_grid_triangle_9x9_windchime,
          minmay_the_grid_triangle_9x9_wacky_v,
          minmay_the_grid_triangle_9x9_zippers_horizontal,
          minmay_the_grid_triangle_9x9_prize_insulated], layout_rooms,
          lemuel_temple_firewalk_b
D:8:      layout_loops_ring, mainiacjoe_overflow_catwalk_spiral,
          due_lair_maze_entry_diamond, enter_bailey_2, minmay_shop_damaged,
          uniq_psyche
D:9:      layout_irregular_city, grunt_temple_overflow_opulence, uniq_erolcha,
          uniq_maggie
D:10:     layout_basic, nicolae_shop_firing_range
D:11:     wad_woods_minihive, layout_long_grid, orc_0_dummy,
          ploomutoo_gammafunk_ghost_potion_laboratory
D:12:     layout_roguey, eino_curves_01, grunt_ministairs_4, uniq_frances,
          uniq_kirke
D:13:     layout_loops_ring
D:14:     layout_rooms, david_vaults_4, serial_glass, glass_columns_a,
          glass_columns_c, tso_oasis_becter, uniq_snorg
D:15:     grunt_enter_depths_snipers, layout_long_grid, serial_shops,
          nicolae_shop_waterfront, nicolae_qazlal_general_emergency,
          minmay_evil_grid
Temple:   minmay_temple_forest_path
Lair:1:   layout_regular_city, beast_lair_carwin_2
Lair:2:   layout_chaotic_city, elwin_shoals_entry_rocks, spider_nest_entry_webs,
          infiniplex_staircase_pool_2, serial_bayou_shore_a, uniq_erica
Lair:3:   mu_elephants_graveyard, layout_regular_city
Lair:4:   layout_loops_ring, grunt_megastairs_2, serial_bayou_shore_b
Lair:5:   beast_lair_carwin_large_3, layout_regular_city, grunt_megastairs_4
Lair:6:   minmay_lair_end_frog_pond, layout_long_grid, slime_altar_2,
          chequers_serial_rivers_small_a
Shoals:1: layout_shoals, portal_ice_cave_entry_ice_statue_two
Shoals:2: layout_shoals
Shoals:3: layout_shoals, nicolae_shop_self_help
Shoals:4: shoals_end_grunt_ice, layout_shoals, nicolae_shoals_goliath_grotto
Spider:1: layout_spider_delve, hangedman_spider_tarantella_strand
Spider:2: layout_spider_delve, guppyfry_spider_mini_1
Spider:3: layout_chambers, uniq_donald, uniq_azrael, uniq_bai_suzhen
Spider:4: grunt_spider_rune_parallel, ebering_ghost_reflecting_pool,
          guppyfry_spider_mini_3
Orc:1:    layout_caves, basic_altar, serial_shops,
          nicolae_shop_bloodbath_and_beyond
Orc:2:    st_orc_town, layout_caves, uniq_saint_roka
Elf:1:    minmay_elf_arrival_plus, layout_loops_cross, serial_shops,
          bzr_entry_water, hangedman_elf_represent, david_defended_altar_elf,
          uniq_nikola
Elf:2:    nicolae_elf_blades_splatter_lattice [nicolae_blade_entry_pointy_end],
          layout_geoelf_octagon, infiniplex_enter_wizlab_spiral
Elf:3:    minmay_elf_hall_spiked, layout_rooms, nicolae_trove_entry_crossroad,
          st_stairs_9, uniq_louise
Vaults:1: nicolae_vaults_network_quinsquares
          [nicolae_vaults_network_quincunx_subvault,
          nicolae_vaults_network_quincunx_subvault,
          nicolae_vaults_network_quincunx_subvault,
          nicolae_vaults_network_quincunx_subvault], nicolae_vaults_big_ls,
          nicolae_vaults_gold_heap, v_alt_pattern_6,
          nicolae_vaults_ring_of_whatevers, hangedman_vaults_corner,
          vaults_room_stairs_pillars, nicolae_vaults_asterisk, vaults_mumra_lcd,
          v_misc_28, layout_vaults_ring, uniq_asterion
Vaults:2: vaults_dpeg_ring, v_misc_26, st_squares, hangedman_vaults_locks,
          nicolae_vaults_network_periphery, hangedman_vaults_snaps, v_misc_22,
          hangedman_vaults_restitches, layout_vaults_chaotic_city, serial_shops,
          shop, shop_statue, nicolae_shop_advertising_works
          [nicolae_subvault_shop_adworks]
Vaults:3: hangedman_vaults_stretched_pinwheel, v_pattern_5,
          minmay_crypt_entry_simple_box, v_rooms_3, vaults_room_semicircle,
          hangedman_vaults_trim, nicolae_vaults_network_star,
          vaults_mumra_chevron_long, nicolae_vaults_stairing_the_circle,
          layout_vaults_omnigrid
Vaults:4: nicolae_vaults_quartermaster, nicolae_vaults_back_hallway, v_misc_17,
          ontoclasm_vaults_gateway, vaults_dpeg_encased_lava,
          nicolae_vaults_three_branches, ontoclasm_vaults_loading_screen,
          v_misc_8, ontoclasm_vaults_idyll, v_alt_pattern_1,
          hangedman_vaults_river_flow, layout_vaults_omnibox,
          serial_hangedman_research, hangedman_research_geology,
          hangedman_research_toxicology, hangedman_research_quantum,
          hangedman_research_electronics, hangedman_research_thanatology,
          serial_shops, bzr_entry_lakeside, uniq_jory
Vaults:5: serial_shops
Depths:1: layout_long_grid, nrook_mini_vaults, hell_entry, minmay_misc_feat_iff,
          item_on_display_a
Depths:2: kennysheep_room_grid, layout_gridville, nzn_wu_jian_contemplation,
          hell_entry, rand_demon_pan_entry_4, minmay_staircase_bubble
Depths:3: grunt_deathspiral_small, layout_basic, abyss_entry,
          hellmonk_bongcloud_opening, hangedman_coc_ice_floe,
          grunt_pan_entry_zigzag, kennysheep_flooded_box, minmay_fountain_box,
          infiniplex_staircase_trident, uniq_vv, uniq_josephina
Depths:4: grunt_zot_entry_funnels, layout_gridlike, enter_ziggurat_a,
          hell_entry, grunt_pan_entry_spiral, serial_bayou_lake_a

Skill      XL: |  1  2  3  4  5  6  7  8  9 10 11 12 13 14 15 16 17 18 19 20 21 22 23 24 |
---------------+-------------------------------------------------------------------------+-----
Axes           | 5 6 7 8 10 12 14 16 17 21 23 24 25 26 | 26.5
Fighting       | 4 7 9 11 12 13 14 16 19 20 21 22 | 22.6
Armour         | 2 5 7 9 10 11 13 14 17 18 19 20 | 20.5
Shields        | 2 5 7 |  7.1
Invocations    | 2 10 13 16 17 18 19 20 | 20.8
Evocations     | 4 7 10 | 10.0
Crossbows      | 9 14 16 17 18 | 18.1
Dodging        | 3 5 7 8 |  8.0
Stealth        | |  1.5

Action                   |  1- 3 |  4- 6 |  7- 9 | 10-12 | 13-15 | 16-18 | 19-21 | 22-24 || total
-------------------------+-------+-------+-------+-------+-------+-------+-------+-------++-------
Melee: Hand axe          |   142 |   224 |   484 |    67 |       |       |       |       ||   917
       War axe           |       |       |       |    58 |       |       |       |       ||    58
       Broad axe         |       |       |       |    41 |       |       |       |       ||    41
       Executioner's axe |       |       |       |   213 |   668 |   970 |  1079 |  1057 ||  3987
       Unarmed           |       |       |       |       |       |    21 |       |       ||    21
 Fire: Arbalest          |       |       |       |       |       |       |       |   448 ||   448
Invok: Greater Servant o |       |       |       |       |       |     5 |     5 |     7 ||    17
       Major Destruction |       |       |       |       |       |       |     1 |     2 ||     3
Evoke: Box of beasts     |       |       |       |       |       |       |     1 |       ||     1
  Use: Scroll            |       |     1 |    15 |     9 |    10 |    10 |    22 |    10 ||    77
       Potion            |       |       |     3 |     1 |       |     4 |     7 |     9 ||    24
 Stab: Sleeping          |     1 |       |       |       |       |       |       |       ||     1
       Distracted        |       |       |       |       |       |     2 |       |       ||     2
       Confused          |       |       |       |       |       |       |     1 |       ||     1
Armor: Chain mail        |    67 |   108 |   167 |    79 |   309 |    25 |       |       ||   755
       Robe              |     2 |       |       |       |       |       |       |       ||     2
       Plate armour      |       |       |       |    94 |       |       |       |       ||    94
       Gold dragon scale |       |       |       |       |       |   705 |   754 |   974 ||  2433
Dodge: Dodged            |    43 |    38 |    60 |   123 |   309 |   325 |   302 |   450 ||  1650
Block: Kite shield       |    20 |    68 |   310 |    91 |       |       |       |       ||   489
       Reflection        |       |       |     3 |       |       |       |     7 |    26 ||    36
       Other             |       |       |       |    27 |       |       |    12 |   186 ||   225

Table legend: (Time is in decaauts)
 A = Elapsed time spent in this place.
 B = Non-inter-level travel time spent in this place.
 C = Inter-level travel time spent in this place.
 D = Time resting spent in this place.
 E = Time spent auto-exploring this place.
 F = Levels seen in this place.
 G = Mean time per level.
                   A        B        C        D        E       F      G
               +--------+--------+--------+--------+--------+-----+--------+
         Total |  47143 |  41703 |   5440 |   3063 |  28583 |  49 |  962.1 |
       Dungeon |  17272 |  14227 |   3045 |   1507 |   9627 |  15 | 1151.5 |
        Temple |    421 |    343 |     78 |      0 |    332 |   1 |  421.0 |
          Lair |   5389 |   4757 |    632 |    110 |   3652 |   6 |  898.2 |
        Shoals |   3931 |   3743 |    188 |     78 |   2678 |   4 |  982.8 |
   Spider Nest |   3730 |   3545 |    185 |    148 |   2742 |   4 |  932.5 |
  Orcish Mines |   1553 |   1285 |    268 |     68 |    851 |   2 |  776.5 |
   Elven Halls |   2758 |   2510 |    248 |    257 |   1348 |   3 |  919.3 |
        Vaults |   5387 |   5018 |    369 |    152 |   3578 |   5 | 1077.4 |
        Depths |   5324 |   4902 |    422 |    622 |   3242 |   4 | 1331.0 |
        Bazaar |    213 |    213 |      0 |      0 |     87 |   2 |  106.5 |
        Bailey |    386 |    386 |      0 |     11 |    157 |   1 |  386.0 |
      Ice Cave |    504 |    504 |      0 |    109 |    186 |   1 |  504.0 |
        Wizlab |    269 |    269 |      0 |      0 |    102 |   1 |  269.0 |
               +--------+--------+--------+--------+--------+-----+--------+

Top non-repeatable levels by time:
Depths:3: 1748 daAuts
     D:2: 1719 daAuts
Vaults:4: 1574 daAuts
     D:7: 1477 daAuts
    D:11: 1437 daAuts
     D:5: 1392 daAuts
Depths:2: 1376 daAuts
   Elf:3: 1309 daAuts
Spider:3: 1296 daAuts
     D:6: 1285 daAuts
     D:1: 1282 daAuts
   Elf:2: 1252 daAuts
Vaults:3: 1238 daAuts
Vaults:2: 1212 daAuts
     D:8: 1208 daAuts
